 Dungeon Crawl Stone Soup version 0.31-a0-204-g7da18cac08 (webtiles) character file.

Game seed: 10568214008230794609

246 qw the Skirmisher (level 5, -2/29 HPs)
             Began as a Deep Elf Hunter on June 27, 2023.
             Killed from afar by a steam dragon (19 damage)
             ... with a ball of steam
             ... on level 5 of the Dungeon.
             The game lasted 00:01:18 (3708 turns).

qw the Skirmisher (Deep Elf Hunter)                 Turns: 3708, Time: 00:01:19

Health: -2/29      AC:  8    Str: 10    XL:     5   Next: 84%
Magic:  7/7        EV: 11    Int: 14    God:
Gold:   214        SH:  5    Dex: 18    Spells: 4/4 levels left

rFire   . . .        Y - +1 shortbow
rCold   . . .        (shield currently unavailable)
rNeg    . . .        d - +0 ring mail
rPois   +            f - +0 helmet
rElec   .            b - +0 cloak
rCorr   .            h - +0 pair of gloves
SInv    .            (no boots)
Will    .....        k - amulet of reflection
Stlth   +            j - ring of poison resistance
HPRegen 0.24/turn    (no ring)
MPRegen 0.10/turn

%: reflection
@: no status effects
A: no striking features
a: no special abilities


You were on level 5 of the Dungeon.
You visited 1 branch of the dungeon, and saw 5 of its levels.

You collected 214 gold pieces.


   Skills:
 + Level 1.5 Fighting
 - Level 9.1 Ranged Weapons
 - Level 1.1 Armour
 - Level 2.4 Dodging
 - Level 1.2 Stealth


You had 4 spell levels left.
You didn't know any spells.
Your spell library was empty.

Inventory:

Hand Weapons
 Y - a +1 shortbow (weapon)
Armour
 b - a +0 cloak (worn)
 d - a +0 ring mail (worn)
 f - a +0 helmet (worn)
 h - a +0 pair of gloves (worn)
Jewellery
 j - a ring of poison resistance (left hand)
 k - an amulet of reflection (around neck)
Scrolls
 c - a scroll of identify
Potions
 a - a potion of curing {unknown}
 e - a potion of degeneration {unknown}
 g - a potion of magic {unknown}
 i - a potion of might {unknown}
 l - a potion of mutation {unknown}
 o - a potion of heal wounds {unknown}

Dungeon Overview and Level Annotations

Branches:
Dungeon (5/15)
 Temple: D:4-7

Altars:

Shops:
D:2 [


Message History

The iguana hisses angrily.
You shoot an arrow. The arrow hits the iguana.
The iguana is moderately wounded.
You shoot an arrow.
The arrow hits the iguana but does no damage.
The iguana is moderately wounded.
You shoot an arrow. The arrow hits the iguana.
The iguana is heavily wounded.
You shoot an arrow.
The arrow hits the iguana but does no damage.
The iguana is heavily wounded.
The iguana bites you!
You shoot an arrow. The arrow closely misses the iguana.
The iguana bites you.
You shoot an arrow. The arrow hits the iguana!
You kill the iguana!
Your Ranged Weapons skill increases to level 9!
You start resting.
You feel a little less clever now.
HP restored.
There is a stone staircase leading up here.
You see here an iguana corpse.
Found a ring mail.
A steam dragon comes into view.
The steam dragon hisses angrily.
You see here a fuming amethyst potion.
You shoot an arrow.
The arrow hits the steam dragon but does no damage.
The steam dragon breathes steam at you. The ball of steam hits you!
3704 ||| Stepping ~*~*~tactically~*~*~ (cloud).
You start resting.
You shoot an arrow. The arrow hits the steam dragon!
The steam dragon is moderately wounded.
You shoot an arrow. The arrow hits the steam dragon.
The steam dragon is heavily wounded.
The steam dragon breathes steam at you. The ball of steam hits you!!
Ouch! That really hurt!
You die...

... ... #.# #
#.. # #.#¤# .#
#[#.##..#
#..D....# #¤#
#@# #.#
########<# .
####........#
..
#.......#####
... #.##.##>#
....##.##.##.#
.......<..##.#
....##.#####.#


You could see a steam dragon (catching breath).

Vanquished Creatures
  An orc priest (D:3)
  A sleepcap (D:4)
  2 iguanas
  3 adders
  A river rat (D:4)
  A white imp (D:4)
  3 worms
  A dart slug (D:4)
  11 orcs
  5 endoplasms
  3 giant cockroaches
  11 goblins
  10 hobgoblins
  2 jackals (D:2)
  7 ball pythons
  3 bats (D:1)
  3 frilled lizards
  2 kobolds
  7 rats
77 creatures vanquished.

Notes
Turn   | Place    | Note
-------+----------+-------------------------------------------
     0 | D:1      | qw the Deep Elf Hunter began the quest for the Orb.
     0 | D:1      | Reached XP level 1. HP: 12/12 MP: 3/3
     0 | D:1      | 0 ||| qw: Version: 0.3-a-22-g0ed2b0b
     0 | D:1      | 0 ||| qw: Game counter: 6451
     0 | D:1      | 0 ||| qw: Melee chars always use a shield: true
     0 | D:1      | 0 ||| qw: God list: Okawaru
     0 | D:1      | 0 ||| qw: Allow faded altars: false
     0 | D:1      | 0 ||| qw: Do Orc after clearing Dungeon:15 true
     0 | D:1      | 0 ||| qw: Do second Lair branch before Depths: true
     0 | D:1      | 0 ||| qw: Lair rune preference: random
     0 | D:1      | 0 ||| qw: Goals: Normal
     0 | D:1      | 0 ||| PLANNING D:1-11
   247 | D:1      | Reached XP level 2. HP: 16/16 MP: 4/4
   267 | D:1      | Reached skill level 6 in Ranged Weapons
   710 | D:1      | 710 ||| UPGRADING to +0 ring mail.
   720 | D:1      | 720 ||| DROPPING +0 leather armour.
   721 | D:1      | 721 ||| UPGRADING to +0 pair of gloves.
   726 | D:1      | 726 ||| UPGRADING to amulet of reflection.
   731 | D:1      | 731 ||| READING scroll labelled JOELOUJIBE.
   732 | D:1      | 732 ||| READING scroll labelled WAMOXZ UTEP.
   733 | D:1      | 733 ||| READING scroll labelled WUQIAT WETEESUF.
   734 | D:1      | 734 ||| DRINKING 2 purple potions.
   735 | D:1      | 735 ||| DROPPING scroll of butterflies.
   736 | D:1      | 736 ||| DROPPING potion of invisibility.
   786 | D:2      | Found Juygeydi's Antique Armour Shop.
   795 | D:2      | 795 ||| SHOPLISTING pair of boots (90 gold, have 55).
   795 | D:2      | 795 ||| SHOPLISTING runed helmet (150 gold, have 55).
   795 | D:2      | 795 ||| SHOPLISTING thick robe (114 gold, have 55).
   856 | D:2      | Found a faded altar of an unknown god.
  1267 | D:2      | Reached XP level 3. HP: 20/20 MP: 5/5
  1602 | D:2      | 1602 ||| UPGRADING to +0 helmet.
  1607 | D:2      | 1607 ||| UPGRADING to ring of poison resistance.
  1608 | D:2      | 1608 ||| READING scroll labelled CODYBI GYAHUFF.
  1609 | D:2      | 1609 ||| READING scroll labelled YGHOG GAXUMIEKH.
  1610 | D:2      | 1610 ||| READING scroll labelled VAVEPS GESMUH.
  1611 | D:2      | 1611 ||| DRINKING 2 fizzy black potions.
  1618 | D:2      | 1618 ||| DROPPING potion of ambrosia.
  1688 | D:3      | Reached skill level 7 in Ranged Weapons
  1862 | D:3      | Reached XP level 4. HP: 25/25 MP: 6/6
  2469 | D:3      | 2469 ||| READING scroll labelled ENTUIFRACOPAEPS.
  2473 | D:3      | 2473 ||| READING 2 scrolls of identify.
  2473 | D:3      | 2473 ||| IDENTIFYING lumpy sapphire potion
  2474 | D:3      | 2474 ||| DROPPING potion of berserk rage.
  2509 | D:4      | 2509 ||| PLANNING SEWER
  2598 | D:4      | Reached skill level 8 in Ranged Weapons
  2754 | D:4      | HP: 6/25 [sleepcap (18)]
  2755 | D:4      | HP: 1/25 [sleepcap (6)]
  2759 | D:4      | Reached XP level 5. HP: 2/29 MP: 7/7
  2759 | D:4      | 2759 ||| FLEEEEING.
  2760 | D:4      | 2760 ||| FLEEEEING.
  2761 | D:4      | 2761 ||| FLEEEEING.
  2762 | D:4      | 2762 ||| FLEEEEING.
  2763 | D:4      | 2763 ||| FLEEEEING.
  2764 | D:4      | 2764 ||| FLEEEEING.
  2765 | D:4      | 2765 ||| FLEEEEING.
  2766 | D:4      | 2766 ||| FLEEEEING.
  2767 | D:4      | 2767 ||| FLEEEEING.
  2768 | D:4      | 2768 ||| FLEEEEING.
  2769 | D:4      | 2769 ||| FLEEEEING.
  2770 | D:4      | 2770 ||| FLEEEEING.
  2771 | D:4      | 2771 ||| FLEEEEING.
  2772 | D:4      | 2772 ||| FLEEEEING.
  2773 | D:4      | 2773 ||| FLEEEEING.
  2774 | D:4      | 2774 ||| FLEEEEING.
  2775 | D:4      | 2775 ||| FLEEEEING.
  2776 | D:4      | 2776 ||| FLEEEEING.
  2777 | D:4      | 2777 ||| FLEEEEING.
  2778 | D:4      | 2778 ||| FLEEEEING.
  2779 | D:4      | 2779 ||| FLEEEEING.
  2780 | D:4      | 2780 ||| FLEEEEING.
  2781 | D:4      | 2781 ||| FLEEEEING.
  2782 | D:4      | 2782 ||| FLEEEEING.
  2783 | D:4      | 2783 ||| FLEEEEING.
  2784 | D:4      | 2784 ||| FLEEEEING.
  2785 | D:4      | 2785 ||| FLEEEEING.
  2786 | D:4      | 2786 ||| FLEEEEING.
  2787 | D:4      | 2787 ||| FLEEEEING.
  2788 | D:4      | 2788 ||| FLEEEEING.
  2789 | D:4      | 2789 ||| FLEEEEING.
  2790 | D:4      | 2790 ||| FLEEEEING.
  2791 | D:4      | 2791 ||| FLEEEEING.
  2792 | D:4      | 2792 ||| FLEEEEING.
  2793 | D:4      | 2793 ||| FLEEEEING.
  2794 | D:4      | 2794 ||| FLEEEEING.
  2795 | D:4      | 2795 ||| FLEEEEING.
  2796 | D:4      | 2796 ||| FLEEEEING.
  2797 | D:4      | 2797 ||| FLEEEEING.
  2798 | D:4      | 2798 ||| STAIRDANCE
  2870 | D:3      | 2870 ||| UPGRADING to +0 cloak.
  2875 | D:3      | 2875 ||| READING scroll labelled NYDAUCE DADE.
  2878 | D:4      | 2878 ||| STAIRDANCE
  2957 | D:4      | Reached skill level 1 in Armour
  2990 | D:4      | 2990 ||| FLEEEEING.
  2991 | D:4      | 2991 ||| FLEEEEING.
  3159 | D:4      | 3159 ||| RIP SEWER
  3197 | D:4      | 3197 ||| PLANNING D:1-11
  3494 | D:4      | 3494 ||| Stepping ~*~*~tactically~*~*~ (water).
  3597 | D:4      | 3597 ||| DROPPING amulet of regeneration.
  3598 | D:4      | 3598 ||| READING scroll labelled ULOCWU XIESHIUJE.
  3599 | D:4      | 3599 ||| DRINKING 2 sapphire potions.
  3600 | D:4      | 3600 ||| DROPPING potion of brilliance.
  3630 | D:5      | Entered Level 5 of the Dungeon
  3654 | D:5      | Reached skill level 9 in Ranged Weapons
  3702 | D:5      | Noticed a steam dragon
  3704 | D:5      | 3704 ||| Stepping ~*~*~tactically~*~*~ (cloud).
  3708 | D:5      | Killed from afar by a steam dragon

Levels and vault maps discovered:
D:1:      dpeg_arrival_round_a, layout_basic
D:2:      layout_basic, hellmonk_ecumenical_altar_leap_of_faith, serial_shops,
          shop
D:3:      layout_basic
D:4:      layout_basic, portal_sewer_entry_e, minmay_gold_behind_fungi,
          minmay_misc_feat_square
D:5:      layout_loops_cross

Skill      XL: |  1  2  3  4  5 |
---------------+----------------+-----
Ranged Weapons | 6 7 8 9 |  9.1
Armour         | 1 |  1.1
Fighting       | |  1.5
Dodging        | |  2.4
Stealth        | |  1.2

Action                     |  1- 3 |  4- 6 || total
---------------------------+-------+-------++-------
   Fire: Shortbow          |    99 |   137 ||   236
    Use: Scroll            |     6 |     4 ||    10
         Potion            |     2 |     1 ||     3
 Armour: Ring mail         |    13 |    19 ||    32
         Leather armour    |     1 |       ||     1
  Dodge: Dodged            |    12 |    30 ||    42
  Block: Other             |     7 |    10 ||    17

Table legend:
 A = Non-vault XP
 B = Vault XP
 C = Vault XP percentage of total XP
 D = Non-vault monster count
 E = Vault monster count
 F = Vault count percentage of total count
                 A         B        C        D         E       F
            +---------+---------+-------+---------+---------+-------
      Total |     320 |      32 |   9.1 |      69 |       8 |  10.4
            +---------+---------+-------+---------+---------+-------
        D:1 |      18 |       0 |   0.0 |      12 |       0 |   0.0
        D:2 |      26 |       0 |   0.0 |      13 |       0 |   0.0
        D:3 |     109 |       0 |   0.0 |      25 |       0 |   0.0
        D:4 |     131 |      32 |  19.6 |      18 |       8 |  30.8
        D:5 |      36 |       0 |   0.0 |       1 |       0 |   0.0
            +---------+---------+-------+---------+---------+-------
